 Dungeon Crawl Stone Soup version 0.32-a0-128-g77eb882913 (webtiles) character file.

Game seed: 4455201870817638890

2015221 EnegeticOcto the Plane Roller (level 27, 251/251 HPs)
             Began as an Armataur Conjurer on Feb 7, 2024.
             Was the Champion of Wu Jian.
             Escaped with the Orb
             ... and 3 runes
             ... and 1 gem on Feb 8, 2024!
             The game lasted 02:19:20 (57249 turns).

EnegeticOcto the Plane Roller (Armataur Conjurer)  Turns: 57249, Time: 02:19:21

Health: 251/251    AC: 53    Str: 34    XL:     27
Magic:  41/41      EV:  8    Int: 23    God:    Wu Jian [******]
Gold:   3714       SH: 34    Dex: 29    Spells: 33/54 levels left

rFire   + + +        A - +9 quick blade (chaos)
rCold   + . .        P - +8 tower shield {AC+3}
rNeg    . . .        R - +9 plate armour of Dithmenos {Rampage rF+ Regen+ Stlth+}
rPois   +            a - +1 hat of Insurance {Rampage +Inv rElec rC++}
rElec   +            y - +3 cloak "Yniopt" {rC- Str+8 Int-2 Dex+4}
rCorr   .            k - +2 pair of gloves
SInv    .            o - +3 barding of Eliafe {rPois rC+ Str+2}
Will    ++++.        V - amulet of Xifotou {Spirit Slay+3} Stlth
                     W - ring "Fidint" {rF+ Str+6 Dex+4 Slay+6}
HPRegen 1.41/turn    N - ring of Contentment {rF+ Will+ Str+3 Int+4 Dex+3}
MPRegen 0.27/turn

%: guardian spirit, roll
@: studying Necromancy
A: large, deformed body, tough skin 3, armoured tail, roll 2, iridescent scales
1, strong-willed 1, cold vulnerability 1, MP-powered wands
0: Orb of Zot
}: 3/15 runes: decaying, serpentine, silver
a: Renounce Religion, Evoke Invisibility, Wall Jump, Serpent's Lash, Heavenly
Storm


You escaped.
You worshipped Wu Jian.
Wu Jian was exalted by your worship.
You visited 11 branches of the dungeon, and saw 51 of its levels.
You visited the Abyss 1 time.
You visited 1 ziggurat, and saw 7 of its levels.
You also visited: Sewer and Wizlab.

You collected 11332 gold pieces.
You spent 7618 gold pieces at shops.

Inventory:

Hand Weapons
 A - a +9 quick blade of chaos (weapon)
   (You subdued it on level 2 of the Elven Halls)
 E - the +9 hand axe of Beaber {drain, +Blink Int+3 SInv}
   (You found it on level 5 of the Lair of Beasts)

   Int+3:     It affects your intelligence (+3).
   SInv:      It lets you see invisible.
   +Blink:    It lets you blink.
Missiles
 J - 23 curare-tipped darts
 O - 11 throwing nets {!f}
Armour
 a - the +1 hat of Insurance (worn) {Rampage +Inv rElec rC++}
   (You found it on level 2 of the Elven Halls)

   rC++:      It greatly protects you from cold.
   rElec:     It insulates you from electricity.
   +Inv:      It lets you turn invisible.
   Rampage:   It bestows one free step when moving towards enemies.
 k - a +2 pair of gloves (worn)
   (You found it on level 2 of the Dungeon)
 o - the +3 barding of Eliafe (worn) {rPois rC+ Str+2}
   (You acquired it on level 2 of the Orcish Mines)

   Str+2:     It affects your strength (+2).
   rC+:       It protects you from cold.
   rPois:     It protects you from poison
 y - the +3 cloak "Yniopt" (worn) {rC- Str+8 Int-2 Dex+4}
   (You found it in a wizard's laboratory)

   Str+8:     It affects your strength (+8).
   Int-2:     It affects your intelligence (-2).
   Dex+4:     It affects your dexterity (+4).
   rC-:       It makes you vulnerable to cold.
 G - the +10 chain mail of the Several Mice {SInv}
   (You found it on level 1 of the Snake Pit)

   SInv:      It lets you see invisible.
 P - a +8 tower shield of protection (worn)
   (You took it off a naga warrior on level 4 of the Snake Pit)
 Q - the -2 hat of the Alchemist {rElec rPois rF+ rC+ rN+ Will+ rMut rCorr}
   (You found it in a wizard's laboratory)

   rF+:       It protects you from fire.
   rC+:       It protects you from cold.
   rElec:     It insulates you from electricity.
   rPois:     It protects you from poison rN+: It protects you from negative
   energy.
   Will+:     It increases your willpower.
   rCorr:     It protects you from acid and corrosion.
   rMut:      It protects you from mutation.
 R - the +9 plate armour of Dithmenos (worn) {Rampage rF+ Regen+ Stlth+}
   (You found it on level 5 of the Vaults)

   rF+:       It protects you from fire.
   Regen+:    It increases your rate of health regeneration.
   Rampage:   It bestows one free step when moving towards enemies.
   Stlth+:    It makes you more stealthy.
Jewellery
 e - the ring "Zikiyvan" {rF++ MP+9 Dex+2}
   (You acquired it on level 2 of the Dungeon)

   [ring of magical power]

   Dex+2:     It affects your dexterity (+2).
   rF++:      It greatly protects you from fire.
   MP+9:      It affects your magic capacity (+9).
 M - a +5 ring of evasion
   (You took it off a deep elf sorcerer on level 3 of the Elven Halls)
 N - the ring of Contentment (right hand) {rF+ Will+ Str+3 Int+4 Dex+3}
   (You bought it in a shop on level 8 of the Dungeon)

   [ring of protection from fire]

   Str+3:     It affects your strength (+3).
   Int+4:     It affects your intelligence (+4).
   Dex+3:     It affects your dexterity (+3).
   rF+:       It protects you from fire.
   Will+:     It increases your willpower.
 T - a ring of flight
   (You took it off Erica on level 8 of the Dungeon)
 V - the amulet of Xifotou (around neck) {Spirit Slay+3}
   (You acquired it on level 2 of the Elven Halls)

   [amulet of guardian spirit]

   Spirit:    It causes incoming damage to be divided between your reserves of
   health and magic.
   Slay+3:    It affects your accuracy & damage with ranged weapons and melee
   (+3).
 W - the ring "Fidint" (left hand) {rF+ Str+6 Dex+4 Slay+6}
   (You found it on level 2 of the Crypt)

   [ring of strength]

   Str+6:     It affects your strength (+6).
   Dex+4:     It affects your dexterity (+4).
   Slay+6:    It affects your accuracy & damage with ranged weapons and melee
   (+6).
   rF+:       It protects you from fire.
Wands
 l - a wand of digging (16) {@v3}
   (You found it on level 2 of the Dungeon)
 w - a wand of quicksilver (54) {@v1}
   (You found it on level 6 of the Dungeon)
 B - a wand of iceblast (85) {@v2}
   (You found it on level 2 of the Lair of Beasts)
 C - a wand of paralysis (89)
   (You bought it in a shop on level 4 of the Dungeon)
 S - a wand of polymorph (48)
   (You found it on level 2 of the Lair of Beasts)
 U - a wand of mindburst (10)
   (You found it on level 2 of the Depths)
Scrolls
 b - 9 scrolls of poison {!r}
 f - 8 scrolls of blinking {@r4}
 g - 11 scrolls of fog {!r}
 n - 13 scrolls of immolation
 p - 7 scrolls of vulnerability
 q - 5 scrolls of silence {!r}
 r - a scroll of summoning {!r}
 F - 21 scrolls of teleportation {@r3 !r}
 H - 2 scrolls of revelation {@r5 !r}
 I - 10 scrolls of fear {!r}
Potions
 c - 12 potions of brilliance
 d - 8 potions of berserk rage
 h - 33 potions of curing {@q1 !q}
 i - 12 potions of lignification {@q6}
 j - 4 potions of attraction
 s - 7 potions of might {@q3 !q}
 t - 9 potions of enlightenment
 v - 13 potions of mutation
 x - 4 potions of cancellation
 z - 4 potions of ambrosia
 D - 20 potions of heal wounds {@q2 !q}
 L - 7 potions of resistance
 X - 3 potions of haste {@q4 !q}
 Y - 5 potions of invisibility
 Z - 4 potions of magic
Miscellaneous
 m - a lightning rod (4/4)
   (You found it on level 1 of the Vaults)
 u - a phantom mirror
   (You found it in a wizard's laboratory)
 K - a condenser vane
   (You found it on level 9 of the Dungeon)


   Skills:
 + Level 21.4 Fighting
 - Level 14.0 Short Blades
 + Level 22.3 Armour
 - Level 4.0 Dodging
 - Level 4.0 Stealth
 + Level 21.9 Shields
 - Level 14.0 Spellcasting
 - Level 12.0 Conjurations
 - Level 9.0 Necromancy
 O Level 27 Translocations
 - Level 10.0 Evocations


You had 33 spell levels left.
You knew the following spells:

 Your Spells              Type           Power      Damage    Failure   Level
a - Vhi's Electric Charg  Tloc/Air       100%       N/A       1%          4
b - Searing Ray           Conj           100%       2d8       1%          2
c - Fugue of the Fallen   Necr           55%        N/A       1%          3
d - Iskenderun's Mystic   Conj/Tloc      81%        2d16      1%          4
e - Dispersal             Tloc           48%        N/A       1%          6
Y - Blink                 Tloc           100%       N/A       0%          2

Your spell library contained the following spells:

 Spells                   Type           Power      Damage    Failure   Level
 Apportation              Tloc           100%       N/A       0%          1
 Lesser Beckoning         Tloc           100%       N/A       0%          2
 Momentum Strike          Conj/Tloc      100%       3d10      0%          2
 Gell's Gravitas          Tloc           96%        N/A       0%          3
 Teleport Other           Tloc           96%        N/A       0%          3
 Manifold Assault         Tloc           96%        N/A       0%          4
 Passage of Golubria      Tloc           96%        N/A       0%          4
 Foxfire                  Conj/Fire      100%       2x1d9     1%          1
 Kiss of Death            Conj/Necr      100%       2d13      1%          1
 Magic Dart               Conj           100%       1d8       1%          1
 Shock                    Conj/Air       100%       1d9       1%          1
 Static Discharge         Conj/Air       86%        3-7/arc   1%          2
 Vampiric Draining        Necr           55%        2d9       1%          3
 Volatile Blastmotes      Fire/Tloc      100%       2d18      1%          3
 Summon Forest            Summ/Tloc      33%        N/A       1%          5
 Dazzling Flash           Conj/Hex       86%        N/A       3%          3
 Hailstorm                Conj/Ice       43%        3d9       3%          3
 Stone Arrow              Conj/Erth      86%        3d12      3%          3
 Animate Dead             Necr           55%        N/A       3%          4
 Dispel Undead            Necr           55%        3d20      3%          4
 Iskenderun's Battlesphe  Conj           63%        2d11      3%          5
 Curse of Agony           Necr           55%        N/A       11%         5
 Flame Wave               Conj/Fire      43%        2d11      13%         4
 Fulminant Prism          Conj/Alch      21%        3d12      13%         4
 Slow                     Hex            64%        N/A       16%         1
 Summon Small Mammal      Summ           64%        N/A       16%         1
 Call Imp                 Summ           32%        N/A       22%         2
 Jinxbite                 Hex            32%        N/A       22%         2
 Mercury Vapours          Alch/Air       32%        N/A       22%         2
 Scorch                   Fire           32%        2d6       22%         2
 Anguish                  Hex/Necr       18%        N/A       24%         4
 Arcjolt                  Conj/Air       21%        1d31      34%         5
 Fireball                 Conj/Fire      21%        3d10      34%         5
 Irradiate                Conj/Alch      21%        3d18      34%         5
 Call Canine Familiar     Summ           16%        N/A       41%         3
 Confusing Touch          Hex            16%        N/A       41%         3
 Frozen Ramparts          Ice            32%        1d5       41%         3
 Inner Flame              Hex/Fire       16%        N/A       41%         3
 Ozocubu's Armour         Ice            16%        N/A       41%         3
 Sigil of Binding         Hex            16%        N/A       41%         3
 Summon Ice Beast         Ice/Summ       16%        N/A       41%         3
 Swiftness                Air            16%        N/A       41%         3
 Tukima's Dance           Hex            16%        N/A       41%         3
 Borgnjor's Vile Clutch   Necr/Erth      18%        N/A       54%         5
 Airstrike                Air            8%         2d(2-18)  83%         4
 Animate Armour           Summ/Erth      32%        N/A       83%         4
 Cause Fear               Hex            8%         N/A       83%         4
 Leda's Liquefaction      Alch/Erth      8%         N/A       83%         4
 Petrify                  Alch/Erth      16%        N/A       83%         4
 Sticky Flame             Fire/Alch      16%        2d5       83%         4
 Summon Blazeheart Golem  Fire/Summ      16%        N/A       83%         4
 Summon Lightning Spire   Summ/Air       16%        N/A       83%         4
 Bombard                  Conj/Erth      21%        9d4       89%         6
 Starburst                Conj/Fire      21%        6d7       89%         6
 Alistair's Intoxication  Alch           10%        N/A       99%         5
 Lee's Rapid Deconstruct  Erth           8%         3d7*      99%         5
 Metabolic Englaciation   Hex/Ice        8%         N/A       99%         5
 Silence                  Hex/Air        8%         N/A       99%         5
 Summon Mana Viper        Hex/Summ       16%        N/A       99%         5
 Yara's Violent Unravell  Hex/Alch       8%         3d5       99%         5
 Eringya's Noxious Bog    Alch           8%         4d6       100%        6
 Plasma Beam              Fire/Air       8%         2x1d18    100%        6
 Sculpt Simulacrum        Ice/Alch       8%         N/A       100%        6
 Enfeeble                 Hex            8%         N/A       100%        7
 Haunt                    Necr/Summ      18%        N/A       100%        7
 Monstrous Menagerie      Summ           8%         N/A       100%        7
 Spellforged Servitor     Conj/Summ      21%        N/A       100%        7
 Summon Hydra             Summ           8%         N/A       100%        7
 Borgnjor's Revivificati  Necr           27%        N/A       100%        8
 Ignition                 Fire           8%         3d5       100%        8
 Infestation              Necr           27%        N/A       100%        8
 Lehudib's Crystal Spear  Conj/Erth      21%        10d6      100%        8
 Maxwell's Capacitive Co  Air            8%         ∞         100%        8
 Death's Door             Necr           27%        N/A       100%        9


Dungeon Overview and Level Annotations

Branches:
Dungeon (15/15)            Temple (1/1) D:5            Lair (5/5) D:9
  Swamp (4/4) Lair:2        Snake (4/4) Lair:3        Slime (0/5) Lair:5
    Orc (2/2) D:11            Elf (3/3) Orc:2        Vaults (5/5) D:13
  Crypt (3/3) Vaults:2       Tomb (0/3) Crypt:3      Depths (4/4) D:15
    Zot (5/5) Depths:4      Sewer (visited)          WizLab (visited)

Altars:
Ashenzari
Cheibriados
Dithmenos
Elyvilon
Fedhas
Gozag
Hepliaklqana
Kikubaaqudgha
Makhleb
Nemelex Xobeh
Okawaru
Qazlal
Ru
Sif Muna
Trog
Uskayaw
Vehumet
Wu Jian
Xom
Yredelemnul
Zin
The Shining One
Ignis

Shops:
D:2 *   D:4 *   D:7 ?   D:8 *   D:9 =   D:10 !   D:12 *   D:13 *   D:14 **[*
Orc:2 ?:?=   Elf:1 ?   Elf:2 *   Elf:3 :   Snake:1 *   Snake:4 :=:   Vaults:2 *
Vaults:5 (   Depths:1 :!   Depths:3 [!?[

Portals:
Hell: Depths:1 Depths:2 Depths:3 Depths:4
Abyss: Depths:1 Depths:2 Depths:3
Pandemonium: Depths:2

Annotations:
D:13 1 runed translucent door
Snake:4 1 runed translucent door, slavik159's ghost, adept MiMo
Zot:4 2 transporters, exclusion: obsidian statue
Zot:5 36 runed translucent doors


Innate Abilities, Weirdness & Mutations

Armour fits poorly on your strangely shaped body.
You have extremely tough skin. (AC +3)
You have a long armoured tail.
You regenerate magic and health when rolling toward enemies. (Rampage Regen)
You are partially covered in iridescent scales. (AC +2)
You are strong-willed. (Will+)
You are vulnerable to cold. (rC-)
You expend magic power (3 MP) to strengthen your wands.


Message History

A sun demon comes into view.
The sun demon shouts!
You hit the sun demon but do no damage. You tail-slap the sun demon!
You puncture the sun demon!
The sun demon convulses!
You tail-slap the sun demon.
The sun demon is almost dead.
You block the sun demon's attack.
You puncture the sun demon!
You kill the sun demon!
The Council accepts your kill.
You hit the balrug but do no damage. You closely miss the balrug.
You block the balrug's attack.
You closely miss the balrug. You tail-slap the balrug. You miss the balrug.
The balrug is lightly wounded.
You puncture the balrug!
The balrug seems to grow stronger.
You hit the balrug.
The balrug's magic leaks into the air.
The balrug is moderately wounded.
You block the balrug's attack.
You spin and attack the balrug repeatedly.
You hit the balrug. You freeze the balrug. You puncture the balrug!
You freeze the balrug.
Your tail-slap misses the balrug.
The balrug is heavily wounded.
You hit the balrug. You completely miss the balrug.
The balrug is heavily wounded.
You spin and attack the sun demon repeatedly.
You puncture the sun demon! You freeze the sun demon.
You hit the sun demon but do no damage.
The sun demon is moderately wounded.
You puncture the sun demon!
The sun demon convulses!
You puncture the sun demon! You freeze the sun demon.
The sun demon is almost dead.
You block the balrug's attack. You block the sun demon's attack.
You spin and attack the balrug repeatedly.
You impale the balrug!!
The balrug appears confused.
You catch the helpless balrug completely off-guard!
You impale the balrug!!
You kill the balrug!
The Council accepts your kill.
You spin and attack the sun demon repeatedly.
You hit the sun demon.
The sun demon flies into a frenzy!
You hit the sun demon.
You kill the sun demon!
The Council accepts your kill.
You puncture the sun demon!
The sun demon convulses.
You tail-slap the sun demon. You hit the sun demon. You freeze the sun demon.
You tail-slap the sun demon!
The sun demon is severely wounded.
You block the sun demon's attack.
You hit the sun demon. You freeze the sun demon. You barely miss the sun demon.
You tail-slap the sun demon!
The sun demon is almost dead.
You hit the sun demon but do no damage.
The acid corrodes the sun demon!
You impale the sun demon!!
You kill the sun demon!
The Council accepts your kill.
You see here a +1 vampiric demon whip.
(D) Dungeon (T) Temple (L) Lair (S) Swamp (P) Snake Pit (M) Slime Pits (O) Orcish Mines (E) Elven Halls (V) Vaults (C) Crypt (W) Tomb (U) Depths (H) Hell (Z) Zot
Where to? (Tab/Enter - D:1 @ (x,y), ? - help)
There is an open gate here.
A tormentor comes into view.
Unknown command.
You block the tormentor's attack. x2
There is an open gate here.
You barely miss the tormentor.
Your tail-slap misses the tormentor.
You impale the tormentor!! You tail-slap the tormentor!
The tormentor is severely wounded.
The tormentor hits you but does no damage.
You block the tormentor's attack.
You closely miss the tormentor. You impale the tormentor!!
You kill the tormentor!
The Council accepts your kill.
Unknown command.
You impale the plant!!
The plant begins to die.
You puncture the plant! You freeze the plant.
The plant is lightly damaged.
Saving game... please wait.
Welcome back, EnegeticOcto the Armataur Conjurer.
The Council says: Follow the path of wisdom and battle!
Press ? for a list of commands and other information.
An Orb Guardian comes into view.
You roll towards the Orb Guardian!
You lunge at the Orb Guardian, in a flurry of attacks.
You puncture the Orb Guardian! You freeze the Orb Guardian.
You hit the Orb Guardian but do no damage.
The Orb Guardian seems to slow down.
The Orb Guardian is moderately wounded.
You puncture the Orb Guardian! You drain the Orb Guardian!
You tail-slap the Orb Guardian! You impale the Orb Guardian!!
The Orb Guardian is poisoned.
The Orb Guardian is almost dead.
You puncture the Orb Guardian!
Lightning courses through the Orb Guardian!
You kill the Orb Guardian!
The Council accepts your kill.
A nearby plant withers and dies.
There is a staircase leading out of the dungeon here.
You have escaped!

#####################
≈≈≈≈≈≈≈≈≈≈≈≈≈≈≈≈≈≈≈≈≈
# ♣≈≈≈≈≈≈≈≈≈≈≈≈≈≈≈≈≈≈
#####
♣≈≈≈≈≈~≈≈~~≈≈≈≈≈≈≈≈
....#
♣♣♣♣..≈~..~≈≈≈≈≈≈≈≈
###.#
♣...........~~≈≈≈≈ #
#.#
♣............~≈≈≈≈ #
#.#
♣P............~≈≈≈ #
#.#
♣@♣[....♣.P....~≈≈
###.#
♣♣♣♣..........~~~≈
#...# ♣.P.P♣......≈≈~
#...# ######♣.....~≈≈
#...########
#P....~≈~≈
#..........########
#.......≈≈
#..#..............#
#P.....≈~≈
#..#.##########.#.#
#♣(...~≈≈~
...#.#..#######.#.#
#♣....~~≈≈


There were no monsters in sight!

Vanquished Creatures
  5 dread liches
  Mennas (Depths:4)
  8 ancient liches
  6 orbs of fire
  Mara (Vaults:2)
  A juggernaut (Depths:3)
  Boris (Crypt:2)
  4 Killer Klowns (Zot:5)
  Saint Roka (Vaults:3)
  2 caustic shrikes
  2 curse toes (Zot:5)
  14 golden dragons
  Jory (Depths:4)
  The ghost of TheViccler the Wrestler, an adept TrFi of Wu Jian (Elf:2)
  A bone dragon (Crypt:3)
  Nikola (Swamp:3)
  2 pandemonium lords
  4 electric golems
  2 hellephants (Depths:3)
  27 Orb Guardians
  A walking crystal tome (WizLab)
  Zenata (Vaults:1)
  27 tentacled monstrosities
  An Ice Fiend (Zot:4)
  Mlioglotl (Snake:1)
  A Hell Sentinel (Zig:7)
  A walking earthen tome (Depths:3)
  5 titans (Vaults:5)
  A shard shrike skeleton (Crypt:3)
  5 liches
  A walking frostbound tome (WizLab)
  3 deep elf blademasters
  2 deep elf master archers (Elf:3)
  5 death cobs
  4 quicksilver dragons
  A walking divine tome (Depths:3)
  10 sphinxes
  Agnes (Elf:2)
  15 shadow dragons
  Aizul (Snake:1)
  9 storm dragons
  2 strange machines (WizLab)
  2 thorn hunters (Swamp:4)
  6 nagarajas (Snake:4)
  7 tengu reavers
  7 draconian monks
  8 frost giants
  4 fenstrider witches (Depths:2)
  3 draconian scorchers
  3 draconian shifters
  2 azure jellies
  12 fire giants
  A caustic shrike zombie (Depths:1)
  2 ghost moths
  6 deep elf sorcerers
  8 draconian knights
  15 vault wardens
  An iron dragon (Depths:4)
  A reaper (Crypt:2)
  6 deep elf elementalists
  5 balrugs
  5 ghouls
  Louise (Snake:1)
  A curse skull (Crypt:2)
  An orc warlord (Orc:1)
  An angel (Vaults:2)
  13 draconian annihilators
  19 ironbound preservers
  A cacodemon (Abyss:3)
  A demonspawn corrupter (Zig:7)
  A spriggan defender (Depths:3)
  2 formless jellyfish
  3 vampire knights
  4 demonspawn blood saints
  3 hydra skeletons
  A caustic shrike skeleton (Crypt:2)
  20 stone giants
  27 very ugly things
  8 ironbound thunderhulks
  10 green draconians
  7 deep elf death magi
  2 bunyips
  5 deep elf demonologists (Elf:3)
  9 dire elephants
  4 purple draconians
  5 eleionomae
  7 black draconians
  A minotaur (Vaults:5)
  A demonspawn black sun (D:15)
  8 white draconians
  6 war gargoyles
  5 deep elf annihilators (Elf:3)
  14 red draconians
  2 eidola
  3 spark wasps
  2 yellow draconians
  16 ettins
  2 blizzard demons
  7 fire dragons
  5 crystal guardians
  Josephine (Orc:2)
  An acid blob zombie (Crypt:1)
  A merfolk impaler (Depths:4)
  5 entropy weavers
  A spriggan zombie (Crypt:2)
  4 shambling mangroves
  6 deep elf high priests
  8 jiangshi
  12 yaktaur captains
  5 salamander tyrants
  A hell beast (Depths:2)
  9 rakshasas
  2 ogre magi
  35 vault guards
  6 great orbs of eyes
  Fannar (Lair:1)
  10 alligators
  A caustic shrike simulacrum (Depths:1)
  12 hydras
  5 ghost crabs
  13 anacondas
  3 spriggan air magi
  Erolcha (D:11)
  A peacekeeper (Vaults:4)
  A bennu zombie (Crypt:1)
  7 ironbound frosthearts
  8 ice dragons
  Erica (D:8)
  10 centaur warriors
  5 two-headed ogres
  A merfolk avatar (Lair:5)
  3 catoblepae
  10 boulder beetles
  41 dancing weapons
  A merfolk aquamancer (Depths:2)
  4 death knights
  9 tengu warriors
  8 hell hogs
  20 naga sharpshooters
  7 vampire magi
  4 titan zombies
  2 demonic crawlers
  7 death yaks (Lair:5)
  7 deep troll shamans
  5 orc high priests
  6 deep troll earth magi
  9 sun demons
  18 naga warriors
  16 deep elf knights
  5 spriggan berserkers
  4 thrashing horrors
  6 shock serpents
  18 hell knights
  2 soul eaters
  A storm dragon zombie (Depths:2)
  9 iron trolls
  A sixfirhy (Zig:7)
  6 goliath frogs
  4 salamander mystics
  A golden dragon zombie (Crypt:1)
  3 storm dragon skeletons
  A wretched star (Abyss:3)
  50 skeletal warriors
  A skyshark (shapeshifter) (Vaults:4)
  6 skysharks
  A bunyip zombie (Crypt:3)
  2 flayed ghosts
  10 spriggan druids
  49 deep trolls
  6 glowing orange brains
  3 sea snakes
  A tengu zombie (Crypt:3)
  2 glowing orange brains (shapeshifter)
  18 deep elf archers
  7 naga ritualists
  An arcanist (Vaults:3)
  7 harpies
  A shadow demon (Zot:1)
  11 mana vipers
  An orb spider (Abyss:3)
  An iron dragon zombie (Crypt:1)
  7 orc knights
  11 phantasmal warriors
  3 spectral hydras (Swamp:4)
  9 bog bodies
  12 lindwurms
  9 swamp dragons
  A lindwurm (shapeshifter) (Depths:3)
  21 ironbound convokers
  An anaconda skeleton (Crypt:3)
  2 golden dragon skeletons
  2 harpies (shapeshifter)
  A fenstrider witch simulacrum (Crypt:2)
  14 necromancers
  Pikel (D:7)
  8 orc sorcerers
  9 starcursed masses
  2 wolf spiders
  An alligator zombie (Crypt:2)
  A tengu skeleton (Depths:1)
  32 ugly things
  27 deep elf pyromancers
  30 deep elf zephyrmancers
  3 oklob plants (Swamp:4)
  A stone giant zombie (Crypt:3)
  A shadow dragon skeleton (Depths:2)
  26 elephants
  14 salamanders
  3 will-o-the-wisps
  21 moths of wrath
  9 cyclopes
  5 manticores
  4 iron dragon skeletons (Crypt:2)
  A merfolk siren (Zig:4)
  A rust devil (Depths:2)
  6 guardian serpents
  21 vault sentinels
  18 naga magi
  2 centaur zombies (Crypt:3)
  6 smoke demons
  An alligator snapping turtle zombie (Crypt:3)
  An elephant (shapeshifter) (Vaults:5)
  37 black mambas
  3 kobold blastminers
  A torpor snail (Lair:5)
  A gargoyle (D:9)
  A water nymph (Zig:4)
  13 cane toads
  2 cane toads (shapeshifter) (D:15)
  A torpor snail (shapeshifter) (Depths:4)
  2 dire elephant skeletons
  5 large abominations
  A hellion (D:3)
  Maggie (D:7)
  2 naga skeletons (Crypt:2)
  6 unseen horrors
  A death yak zombie (Crypt:2)
  Jeremiah (D:8)
  A rime drake (Lair:3)
  5 freezing wraiths
  2 dryads (Depths:2)
  9 komodo dragons
  27 yaktaurs
  2 efreet
  A komodo dragon (shapeshifter) (Elf:2)
  2 tengu conjurers
  An alligator snapping turtle skeleton (Crypt:3)
  A minotaur skeleton (Crypt:2)
  A spectral skyshark (Lair:2)
  3 tormentors
  A catoblepas skeleton (Crypt:2)
  7 trolls
  A hellwing (Depths:4)
  2 polar bears
  3 merfolk
  An ancient zyme (Abyss:3)
  A bloated husk (Swamp:4)
  A shadow dragon simulacrum (Crypt:2)
  14 tyrant leeches
  A merfolk (shapeshifter) (Vaults:5)
  12 hornets
  32 blink frogs
  A dream sheep (Lair:4)
  A snapping turtle (Zig:4)
  3 harpy skeletons (Crypt:2)
  A spectral black mamba (Lair:2)
  23 slime creatures
  A merfolk skeleton (Crypt:2)
  A culicivora (shapeshifter) (D:14)
  A centaur simulacrum (D:15)
  An ettin skeleton (Depths:2)
  15 spriggans
  4 air elementals
  2 vampires
  10 wraiths
  3 ynoxinuls
  2 ice dragon skeletons (Crypt:2)
  3 shadows
  7 water elementals
  5 basilisks
  6 spriggan skeletons
  4 fire elementals
  A spectral fire crab (Lair:2)
  7 wargs
  4 wyverns
  A fire bat (Orc:2)
  A neqoxec (Zig:7)
  16 vampire mosquitoes
  3 steam dragons
  52 yaks
  4 golden eyes (Depths:3)
  3 chaos spawn
  4 redbacks
  A black mamba skeleton (Crypt:2)
  Menkaure (D:4)
  A spectral cane toad (Lair:2)
  76 nagas
  9 small abominations
  11 water moccasins
  A spectral polar bear (Lair:2)
  14 swamp worms
  3 acid dragons
  5 hell hounds (D:5)
  3 hydra simulacra (Swamp:4)
  A spectral yak (Lair:2)
  Pargi (D:3)
  A demonspawn skeleton (Crypt:3)
  A human zombie (Vaults:1)
  28 laughing skulls
  A sky beast (shapeshifter) (D:15)
  A two-headed ogre skeleton (Crypt:2)
  2 ice beasts
  33 orc warriors
  6 swamp drakes
  2 swamp dragon zombies (Swamp:4)
  7 ogres
  A tengu (D:11)
  2 black bears
  A spectral rime drake (Lair:2)
  3 boggarts (Vaults:3)
  18 wolves
  An elephant skeleton (Crypt:2)
  3 swamp dragon skeletons (Swamp:4)
  4 lemures (D:7)
  A manticore skeleton (Crypt:2)
  12 centaurs
  2 phantoms
  6 kobold brigands
  15 bullfrogs
  A komodo dragon zombie (Crypt:2)
  4 gnoll sergeants
  4 necrophages
  2 scorpions
  2 earth elementals
  A warg skeleton (Crypt:1)
  A water moccasin skeleton (Crypt:2)
  9 wights
  A polar bear zombie (Crypt:1)
  24 killer bees
  A troll zombie (Crypt:2)
  An electric eel (Elf:3)
  2 howler monkeys
  A lava snake (D:9)
  A quasit (Abyss:2)
  3 hounds
  A bombardier beetle (D:4)
  2 jellies
  4 gnoll boudas
  25 orc priests
  A sleepcap (D:7)
  23 orc wizards
  An ice beast zombie (Crypt:2)
  2 human simulacra (D:11)
  Robin (D:4)
  37 gnolls
  23 adders
  4 swamp drake zombies
  5 white imps
  3 ufetubi
  An adder zombie (Crypt:2)
  3 ribbon worms
  84 orcs
  7 bats
  5 endoplasms
  8 giant cockroaches
  16 hobgoblins
  9 jackals
  5 quokkas
  13 ball pythons
  4 frilled lizards
  12 goblins
  31 kobolds
  An orc skeleton (Crypt:2)
  14 rats
2536 creatures vanquished.

Vanquished Creatures (collateral kills)
  An acid blob (Zig:5)
  A sphinx (Vaults:3)
  A storm dragon (Zot:3)
  A vault warden (Vaults:5)
  A fire dragon (Depths:4)
  A yaktaur captain (Vaults:2)
  An ogre mage (Vaults:5)
  A tengu warrior (Depths:2)
  A deep troll (Vaults:2)
  An ironbound convoker (Vaults:2)
  An orc knight (Vaults:3)
  An elephant (Lair:4)
  A vault sentinel (Vaults:3)
  An orc warrior (Zig:6)
14 creatures vanquished.

Vanquished Creatures (others)
  An azure jelly (Zig:5)
  A daeva (Vaults:2)
  An ironbound preserver (Vaults:4)
  A vault guard (Vaults:4)
  An alligator (Swamp:1)
  A spriggan druid (Swamp:3)
  A will-o-the-wisp (Swamp:3)
  A moth of wrath (Zot:1)
  A vault sentinel (Vaults:3)
  A tyrant leech (Swamp:4)
  A deep troll zombie (Depths:3)
  A water elemental (Elf:3)
  A swamp worm (Swamp:3)
  A human zombie (Vaults:3)
  A laughing skull (Crypt:2)
  8 foxfires
23 creatures vanquished.

Grand Total: 2573 creatures vanquished

Notes
Turn   | Place    | Note
-------+----------+-------------------------------------------
     0 | D:1      | EnegeticOcto the Armataur Conjurer began the quest for the
                  | Orb.
     0 | D:1      | Reached XP level 1. HP: 14/14 MP: 3/3
   261 | D:1      | Reached skill level 2 in Spellcasting
   303 | D:1      | Reached XP level 2. HP: 20/20 MP: 1/5
   868 | D:1      | Reached skill level 3 in Stealth
   872 | D:1      | Reached skill level 4 in Conjurations
  1058 | D:1      | Reached XP level 3. HP: 26/26 MP: 4/6
  1419 | D:1      | Learned a level 2 spell: Searing Ray
  1577 | D:2      | Found Firim's Assorted Antiques.
  1585 | D:2      | Bought a scroll labelled DIOCYC TAYRER for 30 gold pieces
  1889 | D:2      | Reached XP level 4. HP: 33/33 MP: 4/7
  1984 | D:2      | Bought a scroll labelled BUDAQU ZYENUSY for 30 gold pieces
  2524 | D:2      | Found a faded altar of an unknown god.
  2718 | D:2      | Identified 2 scrolls of acquirement
  2718 | D:2      | Acquired 764 gold pieces
  2720 | D:2      | Acquired the ring "Zikiyvan" {rF++ MP+9 Dex+2}
  2751 | D:2      | Bought an encrusted opal ring for 150 gold pieces
  2751 | D:2      | Bought a fuming puce potion for 27 gold pieces
  2751 | D:2      | Bought a fuming silvery potion for 27 gold pieces
  2751 | D:2      | Bought a yellow potion for 27 gold pieces
  2751 | D:2      | Bought a green potion for 27 gold pieces
  3003 | D:3      | Noticed Pargi
  3127 | D:3      | Found a basalt altar of Yredelemnul.
  3212 | D:3      | Reached XP level 5. HP: 39/39 MP: 9/9
  3479 | D:3      | Reached skill level 1 in Fighting
  3888 | D:3      | Found a bloodstained altar of Trog.
  4040 | D:4      | Noticed Menkaure
  4070 | D:4      | Killed Menkaure
  4071 | D:4      | Reached skill level 2 in Fighting
  4071 | D:4      | Reached skill level 4 in Stealth
  4071 | D:4      | Reached skill level 3 in Spellcasting
  4071 | D:4      | Reached skill level 5 in Conjurations
  4071 | D:4      | Reached XP level 6. HP: 48/48 MP: 10/10
  4306 | D:4      | Reached skill level 3 in Fighting
  4354 | D:4      | Gained mutation: You regenerate magic and health when
                  | rolling toward enemies. (Rampage Regen) [Armataur growth]
  4354 | D:4      | Reached XP level 7. HP: 46/57 MP: 11/11
  4485 | D:4      | Found Vewaraam's Assorted Antiques.
  4490 | D:4      | Noticed Robin
  4506 | D:4      | Killed Robin
  4568 | D:4      | Bought a wooden wand for 96 gold pieces
  4568 | D:4      | Bought a scroll of identify for 48 gold pieces
  4568 | D:4      | Bought a blue potion for 21 gold pieces
  4711 | D:4      | Learned a level 4 spell: Iskenderun's Mystic Blast
  4759 | D:5      | Entered Level 5 of the Dungeon
  4796 | D:5      | Reached skill level 6 in Conjurations
  4796 | D:5      | Reached skill level 1 in Translocations
  4922 | D:5      | Found a broken altar of Ashenzari.
  4933 | D:5      | Found a staircase to the Ecumenical Temple.
  4940 | D:5      | Reached skill level 4 in Fighting
  4942 | Temple   | Entered the Ecumenical Temple
  4951 | Temple   | Became a worshipper of the Wu Jian Council
  5014 | D:5      | Reached skill level 2 in Translocations
  5374 | D:5      | Reached skill level 3 in Translocations
  5374 | D:5      | Reached XP level 8. HP: 56/67 MP: 12/12
  5585 | D:5      | Reached skill level 5 in Fighting
  5759 | D:4      | Reached skill level 4 in Translocations
  6192 | D:5      | Reached skill level 5 in Translocations
  6579 | D:3      | Killed Pargi
  6735 | D:6      | Reached skill level 6 in Translocations
  6768 | D:6      | Reached * piety under Wu Jian
  6906 | D:6      | Reached skill level 7 in Translocations
  6924 | D:6      | Found a shadowy altar of Dithmenos.
  6924 | D:6      | Found a burning altar of Makhleb.
  6926 | D:6      | Found an iron altar of Okawaru.
  7014 | D:6      | Found a sacrificial altar of Ru.
  7110 | D:6      | Reached XP level 9. HP: 50/74 MP: 9/13
  7147 | D:6      | Reached skill level 8 in Translocations
  7168 | D:6      | Found a glowing drain.
  7172 | Sewer    | Entered a sewer
  7176 | Sewer    | Reached ** piety under Wu Jian
  7248 | Sewer    | Found a white marble altar of Elyvilon.
  7708 | D:7      | Found Mehogom's Magic Scroll Shop.
  7717 | D:7      | Reached skill level 9 in Translocations
  7724 | D:7      | Found a stormy altar of Qazlal.
  7732 | D:7      | Bought 3 scrolls of identify for 84 gold pieces
  7732 | D:7      | Bought 3 scrolls of teleportation for 126 gold pieces
  7792 | D:7      | Noticed Maggie
  7860 | D:7      | Killed Maggie
  8194 | D:7      | Noticed Pikel
  8199 | D:7      | Reached skill level 10 in Translocations
  8211 | D:7      | Killed Pikel
  8212 | D:7      | Reached skill level 2 in Armour
  8379 | D:7      | Identified the staff of Parts Unknown {rF- rC+ Str-3 Ice
                  | Earth Alchemy}
  8405 | D:7      | Identified the +10 mace of Imbalance {freeze, rElec Int+3}
  8477 | D:7      | Reached skill level 3 in Armour
  8511 | D:7      | Found a hide-covered altar of Uskayaw.
  8516 | D:7      | Reached XP level 10. HP: 82/82 MP: 15/15
  8583 | D:8      | Noticed Jeremiah
  8602 | D:8      | Killed Jeremiah
  8603 | D:8      | Reached skill level 4 in Spellcasting
  8702 | D:8      | Noticed a boulder beetle
  9024 | D:8      | Reached *** piety under Wu Jian
  9051 | D:8      | Noticed a centaur warrior
  9057 | D:8      | Found a glowing silver altar of Zin.
  9067 | D:8      | Noticed an angel
  9069 | D:8      | Killed a centaur warrior
  9070 | D:8      | Reached skill level 6 in Fighting
  9070 | D:8      | Reached skill level 4 in Armour
  9070 | D:8      | Reached skill level 7 in Conjurations
  9267 | D:8      | Found a shimmering altar of Xom.
  9366 | D:8      | Noticed Erica
  9378 | D:8      | Killed a boulder beetle
  9379 | D:8      | Reached skill level 5 in Armour
  9396 | D:8      | Killed Erica
  9397 | D:8      | Reached skill level 5 in Spellcasting
  9436 | D:8      | Found Veeppi's Fire Supplies.
  9546 | D:9      | Found a staircase to the Lair.
  9549 | D:9      | Reached skill level 6 in Armour
  9553 | D:9      | Reached skill level 7 in Fighting
  9583 | D:9      | Found a runed translucent door.
  9586 | D:9      | Noticed a manticore
  9671 | D:9      | Noticed a two-headed ogre
  9687 | D:9      | Killed a two-headed ogre
  9688 | D:9      | Reached skill level 8 in Conjurations
  9688 | D:9      | Reached XP level 11. HP: 49/92 MP: 8/18
 10020 | D:9      | Found Pyptioda's Jewellery Emporium.
 10072 | D:9      | Reached skill level 8 in Fighting
 10074 | D:9      | Reached skill level 1 in Evocations
 10459 | D:9      | Reached skill level 1 in Shields
 10465 | D:9      | Reached **** piety under Wu Jian
 10548 | D:9      | Reached skill level 2 in Shields
 10708 | D:9      | Found a hazy altar of Hepliaklqana.
 10919 | D:10     | Entered Level 10 of the Dungeon
 10971 | D:10     | Reached skill level 3 in Shields
 10979 | D:10     | Reached skill level 4 in Shields
 11131 | D:10     | Found a sparkling altar of Nemelex Xobeh.
 11162 | D:10     | Found Deruh's Distillery.
 11182 | D:10     | Bought a potion of haste for 150 gold pieces
 11182 | D:10     | Bought 2 potions of curing for 90 gold pieces
 11182 | D:10     | Bought a potion of invisibility for 120 gold pieces
 11182 | D:10     | Bought a potion of heal wounds for 75 gold pieces
 11182 | D:10     | Bought a potion of magic for 120 gold pieces
 11235 | D:10     | Reached skill level 5 in Shields
 11280 | D:10     | Found an opulent altar of Gozag.
 11514 | D:10     | Bought a potion of mutation for 120 gold pieces
 11514 | D:10     | Gained mutation: You have hidden genetic defects. [potion
                  | of mutation]
 11514 | D:10     | Lost mutation: You have hidden genetic defects. [potion of
                  | mutation]
 11515 | D:10     | Gained mutation: You are agile. (Dex +4, Str/Int -1)
                  | [potion of mutation]
 11515 | D:10     | Gained mutation: You are weak. (Str -2) [potion of
                  | mutation]
 11515 | D:10     | Gained mutation: Your mind is acute. (Int +4, Str/Dex -1)
                  | [potion of mutation]
 11519 | D:10     | Lost mutation: Your mind is acute. (Int +4, Str/Dex -1)
                  | [potion of mutation]
 11519 | D:10     | Lost mutation: You are agile. (Dex +4, Str/Int -1) [potion
                  | of mutation]
 11519 | D:10     | Lost mutation: You are weak. (Str -2) [potion of mutation]
 11519 | D:10     | Gained mutation: You are strong-willed. (Will+) [potion of
                  | mutation]
 11519 | D:10     | Gained mutation: You are partially covered in iridescent
                  | scales. (AC +2) [potion of mutation]
 11519 | D:10     | Gained mutation: You expend magic power (3 MP) to
                  | strengthen your wands. [potion of mutation]
 11551 | D:9      | Reached skill level 6 in Shields
 11602 | Lair:1   | Entered Level 1 of the Lair of Beasts
 11625 | Lair:1   | Reached skill level 2 in Evocations
 11685 | Lair:1   | Reached skill level 3 in Evocations
 11720 | Lair:1   | Noticed Fannar
 11727 | Lair:1   | Reached skill level 7 in Shields
 11737 | Lair:1   | Killed Fannar
 12033 | Lair:1   | Reached XP level 12. HP: 103/103 MP: 20/20
 12535 | Lair:2   | Reached skill level 6 in Spellcasting
 12701 | Lair:2   | Reached ***** piety under Wu Jian
 12704 | Lair:2   | Reached skill level 9 in Fighting
 12708 | Lair:2   | Reached skill level 9 in Conjurations
 12710 | Lair:2   | Reached skill level 8 in Shields
 13117 | Lair:2   | Reached skill level 7 in Spellcasting
 13845 | Lair:2   | Noticed a ghost crab
 13852 | Lair:2   | Killed a ghost crab
 13854 | Lair:2   | Found a staircase to the Swamp.
 14078 | Lair:3   | Reached skill level 10 in Fighting
 14078 | Lair:3   | Reached skill level 1 in Necromancy
 14312 | Lair:3   | Found a staircase to the Snake Pit.
 14313 | Lair:3   | Noticed a boulder beetle
 14324 | Lair:3   | Reached skill level 10 in Conjurations
 14337 | Lair:3   | Killed a boulder beetle
 14338 | Lair:3   | Reached skill level 2 in Necromancy
 14354 | Lair:3   | Learned a level 3 spell: Fugue of the Fallen
 14444 | Lair:3   | Reached skill level 3 in Necromancy
 14444 | Lair:3   | Reached XP level 13. HP: 113/113 MP: 24/24
 14746 | Lair:3   | Reached skill level 8 in Spellcasting
 14746 | Lair:3   | Reached skill level 4 in Necromancy
 14808 | Lair:3   | Reached skill level 5 in Necromancy
 15182 | Lair:4   | Reached skill level 6 in Necromancy
 15189 | Lair:4   | Reached skill level 7 in Necromancy
 15197 | Lair:4   | Reached skill level 8 in Necromancy
 15198 | Lair:4   | Reached skill level 2 in Dodging
 15423 | Lair:4   | Reached skill level 3 in Dodging
 15427 | Lair:4   | Reached skill level 9 in Shields
 16033 | Lair:4   | Identified the +1 leather armour of the Skies Above
                  | {*Corrode +Blink rF+ Dex+4}
 16295 | Lair:5   | Entered Level 5 of the Lair of Beasts
 16316 | Lair:5   | Reached ****** piety under Wu Jian
 16329 | Lair:5   | Found a staircase to the Slime Pits.
 16363 | Lair:5   | Reached skill level 4 in Dodging
 16367 | Lair:5   | Reached skill level 10 in Shields
 16393 | Lair:5   | Reached XP level 14. HP: 87/121 MP: 23/26
 16460 | Lair:5   | Reached skill level 7 in Armour
 16471 | Lair:5   | Reached skill level 9 in Necromancy
 16788 | Lair:5   | Reached skill level 8 in Armour
 16869 | Lair:5   | Reached skill level 11 in Translocations
 17059 | Lair:5   | Identified the +9 hand axe of Beaber {drain, +Blink Int+3
                  | SInv}
 17140 | Lair:5   | Reached skill level 9 in Spellcasting
 17146 | Lair:5   | Reached skill level 11 in Conjurations
 17715 | D:11     | Found a staircase to the Orcish Mines.
 17847 | D:11     | Noticed Erolcha
 17857 | D:11     | Killed Erolcha
 17904 | D:11     | Noticed Maurice
 17905 | D:11     | Maurice changed into Maurice the tengu
 17905 | D:11     | Noticed Maurice
 17910 | D:11     | Killed Maurice the tengu
 18405 | Orc:1    | Entered Level 1 of the Orcish Mines
 18423 | Orc:1    | Reached skill level 9 in Armour
 18423 | Orc:1    | Noticed an orc warlord
 18445 | Orc:1    | Killed an orc warlord
 18616 | Orc:2    | Entered Level 2 of the Orcish Mines
 18631 | Orc:2    | Noticed Nessos
 18684 | Orc:2    | Nessos changed into Nessos the komodo dragon
 18684 | Orc:2    | Noticed Nessos
 18692 | Orc:2    | Killed Nessos the komodo dragon
 19043 | Orc:2    | Noticed Sonja
 19044 | Orc:2    | Sonja changed into Sonja the fire bat
 19044 | Orc:2    | Noticed Sonja
 19048 | Orc:2    | Killed Sonja the fire bat
 19066 | Orc:2    | Reached XP level 15. HP: 126/126 MP: 28/28
 19094 | Orc:2    | Found a staircase to the Elven Halls.
 19114 | Orc:2    | Found Qalyneg's Jewellery Boutique.
 19114 | Orc:2    | Found Atomo Irif's Magic Scroll Shoppe.
 19120 | Orc:2    | Found Coskunodgh's Magic Scroll Boutique.
 19120 | Orc:2    | Found Pusakh's Book Shoppe.
 19133 | Orc:2    | Bought a scroll of enchant armour for 97 gold pieces
 19133 | Orc:2    | Bought a scroll of blinking for 97 gold pieces
 19133 | Orc:2    | Bought a scroll of teleportation for 39 gold pieces
 19133 | Orc:2    | Bought a scroll of fear for 52 gold pieces
 19133 | Orc:2    | Bought a scroll of teleportation for 39 gold pieces
 19133 | Orc:2    | Bought a scroll of noise for 13 gold pieces
 19133 | Orc:2    | Bought a scroll of identify for 26 gold pieces
 19451 | Orc:2    | Noticed Josephine
 19466 | Orc:2    | Killed Josephine
 19467 | Orc:2    | Reached skill level 10 in Armour
 19467 | Orc:2    | Reached skill level 12 in Translocations
 19588 | Orc:2    | Bought a scroll of acquirement for 676 gold pieces
 19588 | Orc:2    | Acquired the +3 barding of Eliafe {rPois rC+ Str+2}
 19664 | D:11     | Learned a level 6 spell: Dispersal
 19957 | D:12     | Reached skill level 10 in Spellcasting
 19979 | D:12     | Found the +0 mask of the Dragon {Will+ Slay+3 SInv}
 19984 | D:12     | Found Kuebar's General Store.
 20183 | D:13     | Found a gate to the Vaults.
 20190 | D:13     | Reached skill level 12 in Conjurations
 20394 | D:13     | Found a runed translucent door.
 20493 | D:13     | Found Piale Nuod's General Store.
 20500 | D:13     | Bought a scroll of blinking for 112 gold pieces
 20528 | D:13     | Reached skill level 13 in Translocations
 21071 | D:14     | Found Tiusk's Serpentskin Sales.
 21103 | D:14     | Bought a +1 cloak of poison resistance for 189 gold pieces
 21343 | D:14     | Reached skill level 14 in Translocations
 21414 | D:14     | Found Nekoph's General Store.
 21438 | D:14     | Identified the +3 dagger of the Apocalypse {drain, ^Drain
                  | +Blink rCorr SInv}
 21581 | D:14     | Found Nugokhlim's Assorted Antiques.
 21709 | D:14     | Found Gasulole's Antique Armour Shoppe.
 21809 | D:15     | Entered Level 15 of the Dungeon
 21888 | D:15     | Reached skill level 1 in Short Blades
 22017 | D:15     | Reached skill level 2 in Short Blades
 22186 | D:15     | Reached XP level 16. HP: 135/135 MP: 29/30
 22190 | D:15     | Reached skill level 3 in Short Blades
 22597 | D:15     | Found a staircase to the Depths.
 22894 | Snake:1  | Entered Level 1 of the Snake Pit
 22898 | Snake:1  | You fall into a shaft and drop 1 floor!
 22906 | Snake:2  | Reached skill level 11 in Armour
 23015 | Snake:2  | Reached skill level 4 in Short Blades
 23171 | Snake:2  | Reached skill level 11 in Fighting
 23652 | Snake:2  | Reached skill level 5 in Short Blades
 23652 | Snake:2  | Reached skill level 12 in Armour
 23866 | Snake:1  | Noticed Louise
 23868 | Snake:1  | Noticed Mlioglotl
 23874 | Snake:1  | Identified the serpent talisman of Ben Qohoisi {Will+ Str+6
                  | Dex-2 Stlth+}
 23874 | Snake:1  | Noticed Aizul
 23899 | Snake:1  | Killed Aizul
 23913 | Snake:1  | Identified the +10 chain mail of the Several Mice {SInv}
 24190 | Snake:1  | Found Izxenoug's General Store.
 24225 | Snake:1  | Reached skill level 6 in Short Blades
 24324 | Snake:1  | Identified the +3 war axe "Xaegro" {holy, rElec rC+++ Str+4
                  | Dex-2}
 24684 | Snake:1  | Reached skill level 12 in Fighting
 24684 | Snake:1  | Reached skill level 13 in Armour
 24880 | Snake:1  | Killed Louise
 24881 | Snake:1  | Killed Mlioglotl
 24882 | Snake:1  | Reached skill level 7 in Short Blades
 24911 | Snake:1  | Reached XP level 17. HP: 115/146 MP: 31/31
 25017 | Snake:1  | Identified the +1 leather armour of a Gauntlet {rF++ rC-
                  | Int+5}
 25084 | Snake:3  | Identified the +6 battleaxe "Hozuow" {protect, rElec Str+7}
 25535 | Snake:3  | Reached skill level 14 in Armour
 25860 | Snake:4  | Entered Level 4 of the Snake Pit
 25879 | Snake:4  | Found a burning altar of Makhleb.
 25886 | Snake:4  | Found a runed translucent door.
 25886 | Snake:4  | Noticed slavik159's ghost (adept MiMo)
 25924 | Snake:4  | Reached skill level 8 in Short Blades
 26042 | Snake:4  | Reached skill level 13 in Fighting
 26522 | Snake:4  | Found Pawerrui's Book Shop.
 26522 | Snake:4  | Found Roluracu's Jewellery Emporium.
 26523 | Snake:4  | Found Feobbuell's Book Shop.
 26945 | Snake:4  | Reached skill level 9 in Short Blades
 26945 | Snake:4  | Reached skill level 15 in Armour
 27157 | Snake:4  | Got a serpentine rune of Zot
 27568 | Swamp:1  | Entered Level 1 of the Swamp
 28148 | Swamp:2  | Noticed a tentacled monstrosity
 28150 | Swamp:2  | Reached XP level 18. HP: 159/159 MP: 32/32
 28160 | Swamp:2  | Killed a tentacled monstrosity
 28276 | Swamp:2  | Noticed a tentacled monstrosity
 28295 | Swamp:2  | Killed a tentacled monstrosity
 28399 | Swamp:2  | Reached skill level 4 in Evocations
 28648 | Swamp:2  | Identified the +5 broad axe of Pride {spect, rF+}
 28869 | Swamp:3  | Reached skill level 14 in Fighting
 28870 | Swamp:3  | Reached skill level 10 in Short Blades
 28943 | Swamp:3  | Noticed Nikola
 28960 | Swamp:3  | Killed Nikola
 29324 | Swamp:4  | Entered Level 4 of the Swamp
 29334 | Swamp:4  | Reached skill level 5 in Evocations
 29339 | Swamp:4  | Reached skill level 11 in Shields
 29476 | Swamp:4  | Reached skill level 16 in Armour
 29678 | Swamp:4  | Found a basalt altar of Yredelemnul.
 29734 | Swamp:4  | Found a blossoming altar of Fedhas.
 29758 | Swamp:4  | Got a decaying rune of Zot
 30166 | Elf:1    | Entered Level 1 of the Elven Halls
 30492 | Elf:1    | Reached skill level 6 in Evocations
 30893 | Elf:1    | Found The Oracle's Delphic Readings.
 30897 | Elf:1    | Bought a scroll of blinking for 127 gold pieces
 31251 | Elf:2    | Paralysed by an air elemental for 1 turns
 31381 | Elf:2    | Noticed Agnes
 31394 | Elf:2    | Killed Agnes
 31395 | Elf:2    | Reached XP level 19. HP: 168/168 MP: 33/33
 31475 | Elf:2    | Found a runed translucent gate.
 31475 | Elf:2    | Found a runed translucent gate.
 31476 | Elf:2    | Found a runed translucent gate.
 31476 | Elf:2    | Noticed TheViccler's ghost (adept TrFi)
 31533 | Elf:2    | Paralysed by an air elemental for 1 turns
 31537 | Elf:2    | Paralysed by an air elemental for 1 turns
 31540 | Elf:2    | Found a runed translucent gate.
 31566 | Elf:2    | Reached skill level 15 in Translocations
 31601 | Elf:2    | Found Pefimn's General Store.
 31802 | Elf:2    | Found a runed translucent gate.
 31802 | Elf:2    | Found a runed translucent gate.
 31852 | Elf:2    | Reached skill level 12 in Shields
 31859 | Elf:2    | Reached skill level 11 in Short Blades
 31876 | Elf:2    | Reached skill level 7 in Evocations
 32439 | Elf:2    | Killed TheViccler's ghost
 32487 | Elf:2    | Acquired the amulet of Xifotou {Spirit Slay+3}
 32489 | Elf:2    | Identified the +1 hat of Insurance {Rampage +Inv rElec
                  | rC++}
 32816 | Elf:3    | Entered Level 3 of the Elven Halls
 33008 | Elf:3    | Found Pyutal's Self-Improvement Boutique.
 33127 | Elf:3    | Paralysed by an air elemental for 1 turns
 33313 | Elf:3    | Identified the +10 executioner's axe of the Countless Orbs
                  | {spect, *Rage rPois rN+ rCorr Dex+4}
 33317 | Elf:3    | Reached skill level 17 in Armour
 33330 | Elf:3    | Reached skill level 15 in Fighting
 33339 | Elf:3    | Noticed a Brimstone Fiend
 33724 | Elf:3    | Identified the +3 morningstar "Uttuoxty" {freeze, *Rage
                  | +Blink rN+++ Will-}
 33762 | Elf:3    | Reached skill level 8 in Evocations
 33764 | Elf:3    | Identified the +4 halberd "Awureinn" {drain, rCorr Int+3
                  | Dex+3}
 33867 | Elf:3    | Identified the +9 quarterstaff of Tamnitza {freeze, rC+}
 33922 | Elf:3    | Reached XP level 20. HP: 144/178 MP: 34/34
 34214 | Elf:3    | Bought a manual of Shields for 1120 gold pieces
 34439 | D:8      | Bought the ring of Contentment {rF+ Will+ Str+3 Int+4
                  | Dex+3} for 761 gold pieces
 34523 | Vaults:1 | Entered Level 1 of the Vaults
 34560 | Vaults:1 | Reached skill level 13 in Shields
 34609 | Vaults:1 | Found a magical portal.
 34614 | WizLab   | Entered Tukima's Studio
 34674 | WizLab   | Identified the +7 hand cannon of the Hundredfold Deaths
                  | {penet, MP+9 Dex+2 SInv}
 34692 | WizLab   | Found the -2 hat of the Alchemist {rElec rPois rF+ rC+ rN+
                  | Will+ rMut rCorr}
 34697 | WizLab   | Reached skill level 14 in Shields
 34699 | WizLab   | Identified the +3 cloak "Yniopt" {rC- Str+8 Int-2 Dex+4}
 34701 | WizLab   | Got the Disquisition on Ill Luck
 34951 | Vaults:1 | Identified the +0 scale mail "Qecwo" {Str-2 Int-3 Dex+5}
 34962 | Vaults:1 | Got the Cyclopedia of the Rocky Zephyr
 35161 | Vaults:1 | Reached skill level 12 in Short Blades
 35189 | Vaults:1 | Identified the +8 trident of Jyis {holy, rC+}
 35657 | Vaults:1 | Noticed Zenata
 35669 | Vaults:1 | Killed Zenata
 35809 | Vaults:1 | Reached skill level 16 in Translocations
 36269 | Vaults:2 | Found a runed translucent gate.
 36269 | Vaults:2 | Found a runed translucent gate.
 36269 | Vaults:2 | Found a runed translucent gate.
 36288 | Vaults:2 | Found a staircase to the Crypt.
 36304 | Vaults:2 | Reached skill level 15 in Shields
 36412 | Vaults:2 | Noticed Mara
 36428 | Vaults:2 | Noticed EnegeticOcto's illusion
 36428 | Vaults:2 | Killed Mara
 36429 | Vaults:2 | Reached skill level 9 in Evocations
 36729 | Vaults:2 | Identified the +1 morningstar of the Onslaught {elec, MP+9}
 36744 | Vaults:2 | Reached skill level 18 in Armour
 36935 | Vaults:2 | Reached skill level 16 in Shields
 37174 | Vaults:2 | Reached XP level 21. HP: 187/187 MP: 35/35
 37175 | Vaults:2 | Found Wetharin's Assorted Antiques.
 37388 | Vaults:2 | Found a glowing golden altar of the Shining One.
 37417 | Vaults:2 | Identified the +0 chain mail of Darkness {Will+ rCorr}
 37782 | Vaults:3 | You fall into a shaft and drop 1 floor!
 37906 | Vaults:4 | Reached skill level 17 in Shields
 38173 | Vaults:4 | Reached skill level 16 in Fighting
 38183 | Vaults:4 | Reached skill level 10 in Evocations
 38978 | Vaults:3 | Reached skill level 18 in Shields
 38983 | Vaults:3 | Reached skill level 11 in Spellcasting
 39130 | Vaults:3 | Reached skill level 13 in Short Blades
 39204 | Vaults:3 | Noticed Saint Roka
 39223 | Vaults:3 | Killed Saint Roka
 39872 | Depths:1 | Entered Level 1 of the Depths
 40066 | Depths:1 | Found a one-way gate to the infinite horrors of the Abyss.
 40197 | Depths:1 | Found an ornate altar of the Wu Jian Council.
 40323 | Depths:1 | Reached XP level 22. HP: 195/195 MP: 37/37
 40349 | Depths:1 | Found Beosaf's Distillery.
 40357 | Depths:1 | Found a gateway to Hell.
 40402 | Depths:1 | Bought a potion of heal wounds for 80 gold pieces
 40402 | Depths:1 | Bought a potion of might for 64 gold pieces
 40402 | Depths:1 | Bought a potion of might for 64 gold pieces
 40402 | Depths:1 | Bought a potion of magic for 128 gold pieces
 40494 | Depths:1 | Found Lipledaj's Vocational Training.
 40515 | Depths:1 | Reached skill level 19 in Shields
 40954 | Depths:1 | Learned a level 2 spell: Blink
 40957 | Depths:1 | Learned a level 2 spell: Searing Ray
 40962 | Depths:1 | Learned a level 4 spell: Vhi's Electric Charge
 41021 | Depths:2 | Identified the +7 war axe of the Tired Curses {drain, rC+}
 41034 | Depths:2 | Found a one-way gateway to a ziggurat.
 41064 | Depths:2 | Reached skill level 19 in Armour
 41077 | Depths:2 | Reached skill level 17 in Translocations
 41233 | Depths:2 | Identified the +7 falchion of Causality {freeze, *Corrode
                  | rF- Str+8 Int+4}
 41405 | Depths:2 | Found a one-way gate leading to the halls of Pandemonium.
 41962 | Depths:2 | Reached skill level 14 in Short Blades
 42407 | D:12     | Bought a potion of curing for 45 gold pieces
 42407 | D:12     | Bought a potion of curing for 45 gold pieces
 42407 | D:12     | Bought a scroll of blinking for 112 gold pieces
 42495 | D:14     | Bought a scroll of enchant armour for 157 gold pieces
 42760 | Snake:1  | Bought a potion of heal wounds for 95 gold pieces
 42760 | Snake:1  | Bought a scroll of teleportation for 57 gold pieces
 42760 | Snake:1  | Bought a potion of might for 76 gold pieces
 42760 | Snake:1  | Bought a scroll of revelation for 142 gold pieces
 43107 | Depths:3 | Found Kiprinukhe's Armour Boutique.
 43255 | Depths:3 | Reached skill level 20 in Shields
 43343 | Depths:3 | Found Lug Saic's Magic Scroll Shop.
 43351 | Depths:3 | Found Hoagig's Distillery.
 43468 | Depths:3 | Found Motzes's Armour Emporium.
 43648 | Depths:3 | Noticed a caustic shrike
 43662 | Depths:3 | Killed a caustic shrike
 43786 | Depths:3 | Noticed a golden dragon
 43795 | Depths:3 | Killed a golden dragon
 43797 | Depths:3 | Noticed a golden dragon
 43805 | Depths:3 | Killed a golden dragon
 43899 | Depths:3 | Reached skill level 12 in Spellcasting
 44087 | Depths:3 | Noticed a juggernaut
 44104 | Depths:3 | Reached skill level 17 in Fighting
 44105 | Depths:3 | Killed a juggernaut
 44127 | Depths:3 | Identified the +4 spear of Tokuibix {freeze, rElec rF+}
 44135 | Depths:3 | Reached XP level 23. HP: 203/204 MP: 39/39
 44699 | Depths:4 | Entered Level 4 of the Depths
 44699 | Depths:4 | Noticed Jory
 44706 | Depths:4 | Reached skill level 20 in Armour
 44720 | Depths:4 | Killed Jory
 44773 | Depths:4 | Noticed Mennas
 44778 | Depths:4 | Killed Mennas
 44782 | Depths:4 | Reached skill level 18 in Translocations
 44906 | Depths:4 | Identified the +10 short sword of Ycveyshra {venom, rPois
                  | rN++ rCorr}
 44991 | Depths:4 | a golden dragon changed into a caustic shrike
 44991 | Depths:4 | Noticed a caustic shrike
 44992 | Depths:4 | Killed a caustic shrike
 45315 | Depths:4 | Found a gate to the Realm of Zot.
 45694 | Vaults:5 | Entered Level 5 of the Vaults
 45701 | Vaults:5 | Reached skill level 13 in Spellcasting
 45727 | Vaults:5 | Reached skill level 18 in Fighting
 45794 | Vaults:5 | Noticed an ancient lich
 45799 | Vaults:5 | Killed an ancient lich
 45894 | Vaults:5 | Identified the amulet "Sorousti" {RegenMP rF+}
 45928 | Vaults:5 | Noticed an ancient lich
 45934 | Vaults:5 | Reached skill level 19 in Translocations
 45934 | Vaults:5 | Killed an ancient lich
 45945 | Vaults:5 | Reached XP level 24. HP: 218/218 MP: 40/40
 45976 | Vaults:5 | Found the +3 Elemental Staff {ele, rElec rF+ rC+ AC+3}
 46026 | Vaults:5 | Identified the +0 ring mail "Kawaveg" {rN+++ Will- Regen+
                  | Dex-4}
 46090 | Abyss:2  | Cast into level 2 of the Abyss (a deep elf sorcerer)
 46267 | Abyss:3  | Found a corrupted altar of Lugonu.
 46287 | Abyss:3  | Found a corrupted altar of Lugonu.
 46298 | Abyss:3  | Reached skill level 14 in Spellcasting
 46311 | Abyss:3  | Found a corrupted altar of Lugonu.
 46321 | Abyss:3  | Found a corrupted altar of Lugonu.
 46327 | Abyss:3  | Found a corrupted altar of Lugonu.
 46327 | Abyss:3  | Found a corrupted altar of Lugonu.
 46445 | Vaults:5 | Escaped the Abyss
 46648 | Vaults:5 | Got the Directory of the Decaying Coals
 46774 | Vaults:5 | Identified the +6 quarterstaff of Animal Spirits {flame,
                  | rF+ rN++ Str+2}
 46812 | Vaults:5 | Identified the +9 plate armour of Dithmenos {Rampage rF+
                  | Regen+ Stlth+}
 46831 | Vaults:5 | Reached skill level 19 in Fighting
 47037 | Vaults:5 | Identified the +4 scale mail of the Black Moon {rPois
                  | Str+7}
 47153 | Vaults:5 | Reached skill level 20 in Translocations
 47252 | Vaults:5 | Noticed an ancient lich
 47283 | Vaults:5 | Killed an ancient lich
 47356 | Vaults:5 | Found Astul's Antique Weapon Shoppe.
 47428 | Vaults:5 | Got a silver rune of Zot
 47968 | Vaults:5 | Identified the +8 long sword "Qopopootz" {flame, *Corrode
                  | Dex+2 Stlth+}
 47971 | Vaults:5 | Identified the +6 dagger of Pandemonium {drain, rPois}
 48284 | Zig:1    | Entered Level 1 of a ziggurat
 48299 | Zig:2    | Entered Level 2 of a ziggurat
 48321 | Zig:3    | Entered Level 3 of a ziggurat
 48346 | Zig:4    | Entered Level 4 of a ziggurat
 48377 | Zig:5    | Entered Level 5 of a ziggurat
 48418 | Zig:6    | Entered Level 6 of a ziggurat
 48448 | Zig:6    | Found the +18 shield of the Gong {Loud rN+ Will+ rCorr
                  | EV-5}
 48481 | Zig:6    | Identified a ring of Beauty {rC++ rCorr MP-9 AC+4}
 48482 | Zig:6    | Identified the +7 sling "Nom Sam" {drain, rCorr Stlth+}
 48485 | Zig:7    | Entered Level 7 of a ziggurat
 48490 | Zig:7    | Noticed Qoteblox the pandemonium lord
 48499 | Zig:7    | Killed Qoteblox the pandemonium lord
 48520 | Zig:7    | Identified the staff "Cianeol" {rElec rN+ Int+4 Dex-4 Necro
                  | Earth}
 48522 | Zig:7    | Identified the +3 leather armour of the Bull {rF++ Str+2}
 48528 | Zig:7    | Got the Secrets of Rallying and Enchantment
 48529 | Zig:7    | Identified the +1 war axe of the Snake Pit {freeze, Will++
                  | Int-2}
 48819 | Elf:2    | Bought a potion of experience for 850 gold pieces
 48819 | Elf:2    | Bought a scroll of teleportation for 51 gold pieces
 48819 | Elf:2    | Reached skill level 21 in Translocations
 48819 | Elf:2    | Reached XP level 25. HP: 228/228 MP: 41/41
 49115 | Depths:3 | Bought a scroll of acquirement for 936 gold pieces
 49115 | Depths:3 | Acquired 335 gold pieces
 49167 | Zot:1    | Entered Level 1 of the Realm of Zot
 49197 | Zot:1    | Found an iron altar of Okawaru.
 49396 | Zot:1    | Reached skill level 22 in Translocations
 49483 | Zot:1    | Noticed an orb of fire
 49487 | Zot:1    | Noticed an orb of fire
 49490 | Zot:1    | Killed an orb of fire
 49490 | Zot:1    | Killed an orb of fire
 49490 | Zot:1    | Reached XP level 26. HP: 223/237 MP: 38/41
 49499 | Zot:1    | You fall into a shaft and drop 1 floor!
 49543 | Zot:1    | Reached skill level 23 in Translocations
 49556 | Zot:1    | Found a candlelit altar of Ignis.
 49556 | Zot:1    | Identified the +7 great mace of Duty {venom, rF++ Int+3}
 49574 | Zot:1    | Got Ovvey's Octavo of Sandy Combat Magic
 49634 | Zot:1    | Identified the +11 dire flail of the Slashing Messenger
                  | {venom, Int+2}
 49943 | Zot:1    | Found a sacrificial altar of Ru.
 50844 | Zot:2    | Reached skill level 24 in Translocations
 51166 | Zot:2    | Acquired 727 gold pieces
 51541 | Zot:3    | Identified the +3 chain mail of Creativity {Dex+5}
 52250 | Zot:4    | Found a transporter.
 52586 | Zot:4    | Reached skill level 25 in Translocations
 52606 | Zot:4    | Found a transporter.
 53230 | Crypt:1  | Entered Level 1 of the Crypt
 53492 | Crypt:1  | Identified the +2 robe of Rynkis {-Cast Dex+9}
 54172 | Crypt:2  | Noticed Boris
 54177 | Crypt:2  | Killed Boris
 54255 | Crypt:2  | Reached skill level 26 in Translocations
 54625 | Crypt:2  | Reached XP level 27. HP: 205/205 MP: 41/41
 54668 | Crypt:2  | Identified the ring "Fidint" {rF+ Str+6 Dex+4 Slay+6}
 54887 | Crypt:3  | Entered Level 3 of the Crypt
 55004 | Crypt:3  | Reached skill level 27 in Translocations
 55039 | Crypt:3  | Found an ancient bone altar of Kikubaaqudgha.
 55039 | Crypt:3  | Noticed a dread lich
 55049 | Crypt:3  | Killed a dread lich
 55070 | Crypt:3  | Got an ivory gem with 117 turns to spare
 55358 | Crypt:3  | Reached skill level 20 in Fighting
 55522 | Crypt:3  | Found a staircase to the Tomb.
 56250 | Zot:5    | Entered Level 5 of the Realm of Zot
 56264 | Zot:5    | Found a huge runed translucent gate.
 56264 | Zot:5    | Found a huge runed translucent gate.
 56264 | Zot:5    | Found a huge runed translucent gate.
 56264 | Zot:5    | Found a huge runed translucent gate.
 56264 | Zot:5    | Found a huge runed translucent gate.
 56265 | Zot:5    | Found a huge runed translucent gate.
 56265 | Zot:5    | Found a huge runed translucent gate.
 56266 | Zot:5    | Found a huge runed translucent gate.
 56266 | Zot:5    | Found a huge runed translucent gate.
 56266 | Zot:5    | Found a huge runed translucent gate.
 56267 | Zot:5    | Found a huge runed translucent gate.
 56267 | Zot:5    | Found a huge runed translucent gate.
 56267 | Zot:5    | Found a huge runed translucent gate.
 56267 | Zot:5    | Found a huge runed translucent gate.
 56271 | Zot:5    | Noticed an orb of fire
 56271 | Zot:5    | Noticed an orb of fire
 56271 | Zot:5    | Noticed an ancient lich
 56271 | Zot:5    | Noticed an ancient lich
 56271 | Zot:5    | Noticed an ancient lich
 56271 | Zot:5    | Found a huge runed translucent gate.
 56271 | Zot:5    | Found a huge runed translucent gate.
 56271 | Zot:5    | Found a huge runed translucent gate.
 56271 | Zot:5    | Found a huge runed translucent gate.
 56271 | Zot:5    | Found a huge runed translucent gate.
 56271 | Zot:5    | Found a huge runed translucent gate.
 56271 | Zot:5    | Found a huge runed translucent gate.
 56271 | Zot:5    | Found a huge runed translucent gate.
 56277 | Zot:5    | Found a huge runed translucent gate.
 56278 | Zot:5    | Found a huge runed translucent gate.
 56292 | Zot:5    | Found a huge runed translucent gate.
 56292 | Zot:5    | Found a huge runed translucent gate.
 56293 | Zot:5    | Found a huge runed translucent gate.
 56294 | Zot:5    | Found a huge runed translucent gate.
 56295 | Zot:5    | Found a huge runed translucent gate.
 56296 | Zot:5    | Found a huge runed translucent gate.
 56297 | Zot:5    | Found a huge runed translucent gate.
 56298 | Zot:5    | Found a huge runed translucent gate.
 56299 | Zot:5    | Found a huge runed translucent gate.
 56300 | Zot:5    | Found a huge runed translucent gate.
 56300 | Zot:5    | Found a huge runed translucent gate.
 56305 | Zot:5    | Found a huge runed translucent gate.
 56409 | Zot:5    | Noticed an orb of fire
 56412 | Zot:5    | Noticed an orb of fire
 56412 | Zot:5    | Noticed an orb of fire
 56412 | Zot:5    | Noticed a dread lich
 56412 | Zot:5    | Killed an orb of fire
 56417 | Zot:5    | Gained mutation: You are vulnerable to cold. (rC-) [an orb
                  | of fire]
 56418 | Zot:5    | Killed an orb of fire
 56420 | Zot:5    | Noticed a dread lich
 56420 | Zot:5    | Killed a dread lich
 56424 | Zot:5    | Noticed an orb of fire
 56424 | Zot:5    | Noticed an ancient lich
 56425 | Zot:5    | Killed an orb of fire
 56429 | Zot:5    | Killed an ancient lich
 56432 | Zot:5    | Noticed a dread lich
 56437 | Zot:5    | Killed an orb of fire
 56437 | Zot:5    | Reached skill level 21 in Armour
 56440 | Zot:5    | Noticed an ancient lich
 56443 | Zot:5    | Killed a dread lich
 56446 | Zot:5    | Noticed an ancient lich
 56446 | Zot:5    | Killed a dread lich
 56447 | Zot:5    | Noticed a dread lich
 56448 | Zot:5    | Reached skill level 21 in Shields
 56448 | Zot:5    | Killed an ancient lich
 56452 | Zot:5    | Noticed an ancient lich
 56456 | Zot:5    | Killed an ancient lich
 56459 | Zot:5    | Noticed an ancient lich
 56459 | Zot:5    | Killed a dread lich
 56462 | Zot:5    | Killed an ancient lich
 56463 | Zot:5    | Killed an ancient lich
 56464 | Zot:5    | Reached skill level 21 in Fighting
 56538 | Zot:5    | Got the Orb of Zot
 56580 | Zot:4    | Reached skill level 22 in Armour
 56760 | Depths:4 | Noticed Vorhibou the pandemonium lord
 56935 | D:15     | Noticed a seraph
 57052 | D:7      | Noticed Dainuunka the pandemonium lord
 57056 | D:7      | Killed Dainuunka the pandemonium lord
 57249 | D:$      | Escaped with the Orb!

Illustrated notes

Levels and vault maps discovered:
D:1:      kennysheep_arrival_seaside, layout_basic, st_stairs_4
D:2:      layout_loops_ring, serial_shops, shop,
          shapermc_ecumenical_altar_flowoftime, roderic_roman_lattice
D:3:      layout_basic, amcnicky_altar_gilded, trog_antimagical,
          minmay_misc_feat_four_crosses, uniq_pargi
D:4:      layout_rooms, serial_shops, shop, nrook_campfire,
          minmay_snake_closets, uniq_robin, uniq_menkaure
D:5:      layout_gridville, lemuel_tele_altar, minmay_temple_entry_large_hall,
          minmay_manual_macuahuitl
D:6:      layout_gridville, nicolae_overflow_quartered_altars,
          gup_sewer_entry_spiral
D:7:      layout_gridville, grunt_qazlal_sundering,
          nicolae_uskayaw_dance_studio, serial_shops, shop, bh_walls_and_bars,
          uniq_maggie, uniq_pikel
D:8:      layout_rooms, grunt_temple_overflow_order_and_chaos_1, st_stairs_5,
          nicolae_shop_fire_sale [nicolae_sub_dead_trees], uniq_jeremiah,
          uniq_erica
D:9:      layout_loops_ring, mainiacjoe_overflow_boulevard,
          erik_lair_orcish_takeover, serial_shops, kennysheep_little_box,
          minmay_st_funbox, nicolae_kite_square_tiling_tiny
D:10:     layout_cave_pools, grunt_gozag_breadcrumbs,
          nemelex_spade_bored_becter, serial_shops, nicolae_stop_n_shop_2
D:11:     layout_roguey, erik_orc_4, bh_circular_ruins, uniq_maurice,
          uniq_erolcha
D:12:     layout_cave_pools, serial_shops, shop
D:13:     gammafunk_mikee_crab_dinner, layout_irregular_city, david_vaults_2,
          serial_shops, shop
D:14:     layout_gridville, minivault_24, serial_shops, kennysheep_mini_moat,
          shop, nicolae_shop_back_alley_shop, guppyfry_shop_venom
D:15:     hangedman_depths_entry_civil_slaughter, layout_irregular_city,
          nicolae_eternal_life, grunt_ministairs_3
Temple:   nicolae_temple_two_arcs
Lair:1:   layout_regular_city, st_stairs_6, grunt_megastairs_4, uniq_fannar
Lair:2:   layout_regular_city, nicolae_swamp_entry_spooky
Lair:3:   layout_regular_city, minmay_snake_entry_guardpost_small,
          infiniplex_staircase_pool_2
Lair:4:   minmay_lair_venomous_thicket, layout_cave_pods, st_stairs_5,
          nicolae_lair_grove_arrangements
Lair:5:   gammafunk_lair_ancient_temple, layout_long_grid, slime_entry_1
Swamp:1:  layout_falls_marsh, evilmike_swamp_ruin_house_2,
          infiniplex_staircase_pool
Swamp:2:  layout_basic_swamp, evilmike_swamp_ruin_house_1, swamp_pool_4,
          cheibrodos_swamp_pet_leeches, nicolae_swamp_decorative_isthmus
Swamp:3:  layout_basic_swamp, evilmike_swamp_ruin_house_4, swamp_pool_1_2,
          st_shrine_of_shade, uniq_nikola
Swamp:4:  byrel_swamp_growth_death_and_undeath, layout_basic_swamp
Snake:1:  nrook_guardian_serpent_snake_passage, layout_basic, serial_shops,
          shop, st_stairs_12, nicolae_snake_storage_room, uniq_louise,
          uniq_mlioglotl, uniq_aizul
Snake:2:  layout_basic
Snake:3:  layout_cave_town, grunt_ministairs_15, nicolae_integral_box
Snake:4:  minmay_snake_end_coiled, layout_cave_town, basic_altar,
          gammafunk_ghost_grave, minmay_snake_pond, minmay_shop_grove
Orc:1:    layout_caves, nicolae_orc_damp_corner
Orc:2:    grunt_orc_tribal_feast, layout_diamond_mine, uniq_nessos,
          uniq_josephine, uniq_sonja
Elf:1:    elf_arrival_001, layout_geoelf_grid, evilmike_minifort,
          nicolae_nh_oracle_at_delphi
Elf:2:    nicolae_elf_blades_crystal_corner, layout_loops_cross, serial_shops,
          shop, gammafunk_ghost_tricky_traps, uniq_agnes
Elf:3:    elf_hall_gauntlet_narrow, layout_geoelf_diagonals,
          nicolae_elf_m_pinch, minmay_misc_feat_pillars, nicolae_shop_self_help
Vaults:1: infiniplex_enter_wizlab_spiral, nicolae_vaults_double_plus_3,
          hangedman_vaults_stagger, nicolae_vaults_back_hallway,
          ontoclasm_vaults_ligature, nicolae_vaults_closet_pinwheel_6,
          nicolae_vaults_meeting, dpeg_vaults_monster_box,
          nicolae_vaults_house_3, vaults_dpeg_emergency_exit, vaults_room_pools,
          nicolae_vaults_surprise_closet, vaults_dpeg_diagonal,
          layout_vaults_chaotic_city, uniq_zenata
Vaults:2: v_alt_pattern_6, v_misc_29, minmay_crypt_entry_simple_round,
          nicolae_vaults_arrows, hangedman_vaults_nodes,
          abrahamwl_protected_by_tso_1, vaults_room_ringed_pool,
          nicolae_vaults_windows_and_doors_thing, nicolae_vaults_octothorpe,
          v_misc_24, v_misc_4, nicolae_vaults_little_squares_6,
          ontoclasm_vaults_fault, nicolae_vaults_house_3,
          layout_vaults_maze_bifur, serial_shops,
          nicolae_shop_temple_entry_statues_fountains, uniq_mara, uniq_margery
Vaults:3: nicolae_vaults_network_quincunx
          [nicolae_vaults_network_quincunx_subvault,
          nicolae_vaults_network_quincunx_subvault,
          nicolae_vaults_network_quincunx_subvault,
          nicolae_vaults_network_quincunx_subvault,
          nicolae_vaults_network_quincunx_subvault],
          nicolae_vaults_little_squares_3, nicolae_vaults_tetromino_T_1,
          nicolae_vaults_asterisk, ontoclasm_vaults_shout, vaults_room_fours,
          nicolae_vaults_network_star, nicolae_vaults_tangram_1,
          nicolae_vaults_little_squares_5, nicolae_vaults_diagonal_hallway_8,
          nicolae_vaults_turnstiles, v_misc_26, layout_vaults_omnicross,
          uniq_saint_roka
Vaults:4: v_misc_18, hangedman_vaults_impose, nicolae_vaults_meiosis,
          nicolae_vaults_border_crossing, vaults_room_large_hall,
          nicolae_vaults_diamond_1, layout_vaults_omnigrid
Vaults:5
Crypt:1:  layout_misc_corridors, nicolae_crypt_twisting_catacombs,
          grunt_crypt_arrival_webbed
Crypt:2:  minmay_skeleton_keep, layout_rooms, uniq_boris
Crypt:3:  cryptofortress_bobbens
Depths:1: layout_honeycomb, minmay_room_of_horrors, serial_shops,
          nicolae_shop_peninsula, hell_entry, lemuel_statue_altar,
          nicolae_shop_vocational
Depths:2: nicolae_terramorphic_expanse [nicolae_terramorphic_quarter,
          nicolae_terramorphic_quarter, nicolae_terramorphic_quarter,
          nicolae_terramorphic_quarter, nicolae_terramorphic_quarter,
          nicolae_terramorphic_biome, nicolae_terramorphic_biome,
          nicolae_terramorphic_biome, nicolae_terramorphic_biome],
          layout_gridlike, enter_ziggurat_e, abyss_entry_crystal,
          grunt_hell_entry_dis_old, rand_demon_pan_entry_5,
          hangedman_decor_push, serial_bayou_shore_b,
          infiniplex_staircase_squiggle
Depths:3: cell_vault, layout_basic, kennysheep_nondescript,
          hangedman_abyss_entry_splay, grunt_hell_horde, serial_shops,
          nicolae_shop_mannequins, shop_scrolls, nicolae_shop_advertising_works
          [nicolae_subvault_shop_adworks], nicolae_shop_window_shopping,
          hex_tiny
Depths:4: evilmike_zot_entry_basic, layout_cave_pools, nicolae_twisting_strands,
          hellmouth_1, uniq_josephina, uniq_jory, uniq_mennas
Zot:1:    regret_index_infernal_bastille, layout_onion,
          regret_index_zotdec_ceiling_fans
Zot:2:    layout_concentric_octagons
Zot:3:    layout_gridlike
Zot:4:    gammafunk_sealed_arena, layout_misc_corridors,
          hangedman_zot_decor_checkerboard
Zot:5:    layout_onion, door_vault

Skill      XL: |  1  2  3  4  5  6  7  8  9 10 11 12 13 14 15 16 17 18 19 20 21 22 23 24 25 26 27 |
---------------+----------------------------------------------------------------------------------+-----
Spellcasting   | 2 3 5 7 8 9 10 11 12 13 14 | 14.0
Stealth        | 3 4 |  4.0
Conjurations   | 4 5 6 8 10 11 12 | 12.0
Fighting       | 2 3 4 5 7 8 10 12 13 14 15 16 17 18 19 21 | 21.4
Translocations | 3 7 10 11 14 15 16 17 19 21 22 26 27 | 27.0
Armour         | 3 6 9 10 13 15 16 17 18 19 20 22 | 22.3
Evocations     | 3 6 8 9 10 | 10.0
Shields        | 7 8 10 11 12 16 18 20 21 | 21.9
Necromancy     | 3 8 9 |  9.0
Dodging        | 4 |  4.0
Short Blades   | 2 7 9 10 11 12 13 14 | 14.0

Action                     |  1- 3 |  4- 6 |  7- 9 | 10-12 | 13-15 | 16-18 | 19-21 | 22-24 | 25-27 || total
---------------------------+-------+-------+-------+-------+-------+-------+-------+-------+-------++-------
  Melee: Unarmed           |    20 |       |       |       |       |       |       |       |       ||    20
         Tailslap          |     3 |       |    23 |    40 |    86 |   130 |   564 |   932 |  1025 ||  2803
         Punch             |     1 |       |     3 |    10 |       |       |       |       |       ||    14
         Whip              |    22 |     7 |    12 |       |       |       |       |       |       ||    41
         Short sword       |       |       |    49 |       |       |    16 |       |       |       ||    65
         Mace              |       |       |    66 |    31 |       |    40 |    77 |       |       ||   214
         Staff             |       |       |       |   194 |   361 |   445 |       |       |       ||  1000
         Dagger            |       |       |       |     3 |       |       |       |       |       ||     3
         Quick blade       |       |       |       |       |       |       |  2162 |  3201 |  3515 ||  8878
   Cast: Magic Dart        |    72 |   102 |    55 |    42 |       |       |       |       |       ||   271
         Searing Ray       |     1 |    18 |    39 |     9 |     1 |       |       |     1 |       ||    69
         Iskenderun's Myst |       |       |    48 |   285 |   578 |   769 |   302 |    61 |       ||  2043
         Fugue of the Fall |       |       |       |       |     3 |     7 |    37 |    26 |     8 ||    81
         Vhi's Electric Ch |       |       |       |       |       |       |       |     4 |       ||     4
 Invoke: Heavenly Storm    |       |       |       |       |       |       |     3 |     5 |     2 ||    10
         Serpent's Lash    |       |       |       |       |       |       |     2 |     5 |     8 ||    15
Ability: Whirlwind         |       |       |    18 |    33 |    70 |    62 |   313 |   309 |   339 ||  1144
         Lunge             |       |       |    39 |    95 |   147 |   224 |   252 |   195 |   168 ||  1120
         Wall Jump         |       |       |       |       |       |       |       |       |     2 ||     2
  Evoke: Wand              |       |       |     2 |     6 |     4 |     2 |       |       |       ||    14
         Condenser vane    |       |       |       |       |       |     1 |       |       |       ||     1
    Use: Potion            |     2 |     1 |     2 |     5 |       |     2 |     3 |     5 |     4 ||    24
         Scroll            |     2 |     6 |     7 |     6 |     7 |    10 |    15 |     6 |     8 ||    67
   Stab: Sleeping          |       |       |     8 |     4 |     3 |     2 |       |       |       ||    17
         Paralysed         |       |       |       |     3 |       |       |     8 |    18 |    29 ||    58
         Confused          |       |       |       |       |       |       |    25 |    62 |    80 ||   167
         Petrified         |       |       |       |       |       |       |     2 |     4 |     1 ||     7
         Petrifying        |       |       |       |       |       |       |     8 |    16 |    33 ||    57
         Distracted        |       |       |       |       |       |       |     6 |     8 |     6 ||    20
         Held in net/web   |       |       |       |       |       |       |     1 |     4 |     4 ||     9
 Armour: Robe              |    51 |    15 |   152 |       |       |       |       |       |       ||   218
         Acid dragon scale |       |       |     8 |    27 |       |       |       |       |       ||    35
         Steam dragon scal |       |       |       |   271 |   497 |   127 |       |       |       ||   895
         Chain mail        |       |       |       |       |       |   777 |   560 |   302 |       ||  1639
         Plate armour      |       |       |       |       |       |       |       |   118 |   543 ||   661
  Dodge: Dodged            |    29 |    15 |    83 |   133 |   195 |   125 |   103 |    90 |    86 ||   859
  Block: Kite shield       |       |       |       |    75 |   394 |   481 |   149 |       |       ||  1099
         Tower shield      |       |       |       |       |       |       |   597 |  1025 |  1191 ||  2813

Table legend: (Time is in decaauts)
 A = Elapsed time spent in this place.
 B = Non-inter-level travel time spent in this place.
 C = Inter-level travel time spent in this place.
 D = Time resting spent in this place.
 E = Time spent auto-exploring this place.
 F = Levels seen in this place.
 G = Mean time per level.
                   A        B        C        D        E       F      G
               +--------+--------+--------+--------+--------+-----+--------+
         Total |  56450 |  49502 |   6948 |   2955 |  34141 |  63 |  896.0 |
       Dungeon |  17242 |  14597 |   2645 |   1499 |   9960 |  15 | 1149.5 |
        Temple |     18 |      2 |     16 |      0 |      0 |   1 |   18.0 |
          Lair |   6259 |   5648 |    611 |    742 |   3626 |   5 | 1251.8 |
         Swamp |   2440 |   2373 |     67 |     10 |   1644 |   4 |  610.0 |
     Snake Pit |   4785 |   4410 |    375 |    355 |   2821 |   4 | 1196.2 |
  Orcish Mines |   1536 |   1124 |    412 |     44 |    767 |   2 |  768.0 |
   Elven Halls |   4195 |   3515 |    680 |    276 |   2373 |   3 | 1398.3 |
        Vaults |   7118 |   6553 |    565 |      0 |   5018 |   5 | 1423.6 |
         Crypt |   2411 |   2270 |    141 |      0 |   1645 |   3 |  803.7 |
        Depths |   5252 |   4450 |    802 |      0 |   3399 |   4 | 1313.0 |
           Zot |   4233 |   3604 |    629 |      3 |   2655 |   5 |  846.6 |
         Abyss |    331 |    331 |      0 |      0 |      9 |   3 |  110.3 |
      Ziggurat |    223 |    223 |      0 |     26 |     49 |   7 |   31.9 |
         Sewer |    187 |    187 |      0 |      0 |     75 |   1 |  187.0 |
        Wizlab |    212 |    212 |      0 |      0 |    100 |   1 |  212.0 |
               +--------+--------+--------+--------+--------+-----+--------+

Top non-repeatable levels by time:
  Lair:2: 1931 daAuts
Vaults:5: 1846 daAuts
Depths:3: 1786 daAuts
     D:1: 1616 daAuts
     D:5: 1580 daAuts
Depths:2: 1479 daAuts
     D:9: 1477 daAuts
   Elf:2: 1461 daAuts
Vaults:1: 1453 daAuts
   Elf:3: 1430 daAuts
Vaults:2: 1429 daAuts
 Snake:1: 1423 daAuts
     D:2: 1342 daAuts
     D:3: 1322 daAuts
    D:14: 1320 daAuts

Table legend:
 A = Kills in this place as a percentage of kills in the entire game.
 B = Kills by you in this place as a percentage of kills by you in the entire game.
 C = Kills by friends in this place as a percentage of kills by friends in the entire game.
 D = Other kills in this place as a percentage of other kills in the entire game.
 E = Experience gained in this place as a percentage of experience gained in the entire game.
 F = Experience gained in this place divided by the number of levels of this place that you have seen.
                   A       B       C       D       E      F
               +-------+-------+-------+-------+-------+----------------------
         Total | 100.0 | 100.0 | 100.0 | 100.0 | 100.0 | 25334.0
       Dungeon |  19.4 |  19.6 |   0.0 |   0.0 |   5.4 | 5733.3
          Lair |   8.5 |   8.5 |   7.1 |   0.0 |   4.5 | 14272.2
         Swamp |   6.2 |   6.2 |   0.0 |  17.6 |   5.4 | 21375.0
     Snake Pit |   9.0 |   9.1 |   0.0 |   0.0 |   7.4 | 29481.0
  Orcish Mines |   4.5 |   4.5 |   0.0 |   0.0 |   1.2 | 9753.5
   Elven Halls |   6.2 |   6.2 |   0.0 |   5.9 |   7.3 | 38753.7
        Vaults |  14.8 |  14.5 |  57.1 |  29.4 |  21.0 | 67071.8
         Crypt |   8.3 |   8.3 |   0.0 |  23.5 |   8.4 | 44679.0
        Depths |  10.3 |  10.3 |  14.3 |   5.9 |  14.8 | 59100.8
           Zot |   8.1 |   8.1 |   7.1 |  11.8 |  20.6 | 65768.2
         Abyss |   1.6 |   1.6 |   0.0 |   0.0 |   1.2 | 6235.3
      Ziggurat |   1.9 |   1.8 |  14.3 |   5.9 |   1.6 | 3695.0
         Sewer |   0.4 |   0.4 |   0.0 |   0.0 |   0.0 | 106.0
        Wizlab |   0.9 |   0.9 |   0.0 |   0.0 |   1.3 | 20171.0
               +-------+-------+-------+-------+-------+----------------------
